 Dungeon Crawl Stone Soup version 0.18-a0-1626-g65af6d3 (webtiles) character file.

1365 namelastname112 the Cutter (level 8, 0/102 HPs)
             Began as a Red Draconian Berserker on Mar 24, 2016.
             Was a Priest of Trog.
             Succumbed to a worker ant's poison
             ... on level 5 of the Dungeon.
             The game lasted 00:04:04 (3623 turns).

namelastname112 the Cutter (DrBe)                   Turns: 3623, Time: 00:04:06

Health: 0/102      AC:  7    Str: 24    XL:     8   Next: 38%
Magic:  8/8        EV: 14    Int:  7    God:    Trog [***...]
Gold:   214        SH:  2    Dex: 14    Spells: 0 memorised, 7 levels left

rFire  + . .     SeeInvis .     a - +0 short sword
rCold  . . .     Gourm    .     (armour unavailable)
rNeg   . . .     Faith    .     (no shield)
rPois  .         Spirit   .     (helmet restricted)
rElec  .         Dismiss  .     (no cloak)
rCorr  .         Reflect  +     e - +0 pair of gloves
SustAt .         Harm     .     (no boots)
MR     .....                    t - +2 amulet of reflection
Stlth  ..........               (no ring)
                                (no ring)

@: berserking (expiring), lethally poisoned (0 -> -4), very quick, not resistant
to hostile enchantments, extremely unstealthy
A: breathe fire, unfitting armour, fire resistance 1, cold-blooded, AC +6
a: Breathe Fire, Berserk, Trog's Hand, Burn Spellbooks, Renounce Religion


You were on level 5 of the Dungeon.
You worshipped Trog.
Trog was most pleased with you.
You were hungry.

You visited 1 branch of the dungeon, and saw 5 of its levels.

You collected 214 gold pieces.

Inventory:

Hand Weapons
 a - a +0 short sword (weapon)
 o - a +0 blowgun
Missiles
 p - 11 poisoned needles
Armour
 e - a +0 pair of gloves (worn)
Jewellery
 t - a +2 amulet of reflection (around neck)
Wands
 l - a wand of slowing (33/48)
Scrolls
 c - 2 scrolls of fog {unknown}
 d - 3 scrolls of random uselessness {unknown}
 g - 9 scrolls of identify {unknown}
 j - 2 scrolls of remove curse {unknown}
 m - a scroll of blinking {unknown}
 n - 4 scrolls of enchant armour {unknown}
 u - 2 scrolls of recharging {unknown}
Potions
 h - a potion of cancellation {unknown}
 i - a potion of cure mutation {unknown}
 k - a potion of haste {unknown}
 q - 2 potions of heal wounds {unknown}
 s - 2 potions of curing {unknown}
 w - a potion of lignification {unknown}
Books
 r - a book of the Tempests

   Spells                             Type                      Level
   a - Static Discharge               Conjuration/Air              3
   b - Lightning Bolt                 Conjuration/Air              5
   c - Fireball                       Conjuration/Fire             5
   d - Tornado                        Air                          9
   e - Shatter                        Earth                        9
   Trog disapproves of the use of such an item.
Comestibles
 b - 2 bread rations
 f - a meat ration
 v - 7 chunks of flesh


   Skills:
 + Level 5.2 Fighting
 * Level 6.4 Short Blades
 + Level 2.4 Throwing
 + Level 4.3 Dodging
 * Level 5.9 Stealth


You had 7 spell levels left.
You didn't know any spells.

Dungeon Overview and Level Annotations

Branches:
Dungeon (5/15)
 Temple: D:4-7

Altars:
Cheibriados
Elyvilon
Fedhas
Gozag
Kikubaaqudgha
Makhleb
Pakellas
Qazlal
Trog
Yredelemnul
Zin

Shops:
D:5 (


Innate Abilities, Weirdness & Mutations

You can breathe blasts of fire.
Your fiery red scales are hard (AC +6).
Your body does not fit into most forms of armour.
Your flesh is heat resistant.
You are cold-blooded and may be slowed by cold attacks.


Message History

You puncture the gnoll sergeant!
You kill the gnoll sergeant!
Trog accepts your kill. The gnoll hits you with a whip.
* * * LOW HITPOINT WARNING * * *
The gnoll hits you but does no damage. The gnoll misses you.
You closely miss the gnoll. You tail-slap the gnoll!
You kill the gnoll!
Trog accepts your kill.
* * * LOW HITPOINT WARNING * * *
You feel sick.
You puncture the gnoll! You tail-slap the gnoll.
You kill the gnoll!
Trog accepts your kill. The gnoll hits you but does no damage.
You puncture the gnoll!
The gnoll is severely wounded.
You barely miss the gnoll.
The gnoll is severely wounded.
You die...

........#.. .#
#....#..#.. ####.#
....#....#..
.....###......#....#
........#..#......#
#...... .....#....#
#....# ..#...<###
#.)..# .....#.....
#†@†!# ...#....###
#..g.# ##...#.....
#....# #.#.......
####...# # ..#..#.#
#......# # ....#.
#.#####.....## #
...#.# #......<....#
# ########....# #
#....# #


You could see a gnoll.

Vanquished Creatures
  The ghost of namelastname112 the Cutter, a novice DrBe of Trog (D:4)
  Grinder (D:3)
  Sigmund (D:2)
  An ice beast (D:5)
  A gnoll sergeant (D:5)
  2 hounds (D:4)
  A centaur zombie (D:5)
  2 orc priests (D:5)
  2 orc wizards
  Ijyb (D:2)
  An iguana (D:4)
  A worker ant (D:5)
  10 gnolls
  6 adders
  A shadow imp (D:3)
  3 oozes
  2 worms
  A dart slug (D:3)
  2 giant geckos
  8 orcs
  2 ball pythons (D:3)
  3 giant cockroaches
  7 goblins
  12 hobgoblins
  7 jackals
  10 kobolds
  2 quokkas (D:5)
  2 bats (D:1)
  A giant gecko skeleton (D:4)
  3 giant newts
  A jackal skeleton (D:5)
  5 rats
103 creatures vanquished.

Vanquished Creatures (others)
  An ice dragon (D:3)
  A bush (D:3)
2 creatures vanquished.

Grand Total: 105 creatures vanquished

Notes
Turn   | Place    | Note
--------------------------------------------------------------
     0 | D:1      | namelastname112 the Draconian Berserker began the quest for the Orb.
     0 | D:1      | Reached XP level 1. HP: 19/19 MP: 1/1
    68 | D:1      | Reached XP level 2. HP: 9/26 MP: 2/2
   263 | D:1      | Reached skill level 1 in Stealth
   625 | D:1      | Reached XP level 3. HP: 27/31 MP: 3/3
  1092 | D:2      | Noticed Sigmund
  1102 | D:2      | Killed Sigmund
  1102 | D:2      | Reached skill level 4 in Short Blades
  1102 | D:2      | Reached XP level 4. HP: 40/40 MP: 4/4
  1102 | D:2      | Reached XP level 5. HP: 46/46 MP: 5/5
  1173 | D:2      | Found an opulent altar of Gozag.
  1256 | D:2      | Reached ** piety under Trog
  1358 | D:2      | Noticed Ijyb
  1394 | D:2      | Killed Ijyb
  1900 | D:3      | Reached XP level 6. HP: 37/52 MP: 6/6
  1966 | D:3      | Found a blossoming altar of Fedhas.
  1968 | D:3      | Found a stormy altar of Qazlal.
  2429 | D:3      | Found an oddly glowing altar of Pakellas.
  2430 | D:3      | Noticed an ice dragon
  2443 | D:3      | Killed an ice dragon
  2511 | D:3      | Noticed Grinder
  2519 | D:3      | Killed Grinder
  2519 | D:3      | Reached skill level 5 in Short Blades
  2519 | D:3      | Reached skill level 1 in Throwing
  2519 | D:3      | Your scales start taking on a fiery red colour.
  2519 | D:3      | Reached XP level 7. HP: 60/60 MP: 7/7
  2519 | D:3      | Gained mutation: Your flesh is heat resistant. [Red Draconian growth]
  2527 | D:3      | Found a burning altar of Makhleb.
  2531 | D:3      | Found an ancient bone altar of Kikubaaqudgha.
  2531 | D:3      | Found a bloodstained altar of Trog.
  2542 | D:3      | Found a snail-covered altar of Cheibriados.
  2545 | D:3      | Found a glowing silver altar of Zin.
  2578 | D:4      | Noticed namelastname112's ghost (novice DrBe)
  2584 | D:4      | Killed namelastname112's ghost
  2772 | D:4      | Reached skill level 5 in Stealth
  2783 | D:4      | Reached *** piety under Trog
  3003 | D:4      | Reached skill level 5 in Fighting
  3032 | D:4      | Found a white marble altar of Elyvilon.
  3059 | D:4      | Reached XP level 8. HP: 62/68 MP: 8/8
  3097 | D:4      | Found a basalt altar of Yredelemnul.
  3224 | D:4      | Reached skill level 6 in Short Blades
  3270 | D:5      | Entered Level 5 of the Dungeon
  3384 | D:5      | Found Rihad's Weapon Boutique.
  3618 | D:5      | HP: 4/102 [gnoll (5)]
  3620 | D:5      | HP: 1/102 [poisoned by a worker ant]
  3623 | D:5      | Succumbed to a worker ant's poison

Vault maps used:
D:1:      minmay_arrival_jagged
D:2:      nicolae_gozag_cash_rules_everything_around_me, first_bread,
          eino_curves_01, uniq_iyjb, uniq_sigmund
D:3:      grunt_temple_overflow_forces_of_nature,
          gammafunk_pakellas_spire_experiment, minmay_overflow_temple_star_hex,
          hangedman_decor_lopped, uniq_grinder
D:4:      kennysheep_ying_yang
D:5:      serial_shops, nicolae_shop_crystal, minmay_misc_feat_pillars,
          bh_chokoban

Skill      XL: |  1  2  3  4  5  6  7  8 |
---------------+-------------------------+-----
Stealth        | 1 3 4 5 |  5.9
Fighting       | 4 5 |  5.2
Short Blades   | 4 5 6 |  6.4
Dodging        | 3 4 |  4.3
Throwing       | 1 2 |  2.4

Action                   |  1- 3 |  4- 6 |  7- 9 || total
-------------------------+-------+-------+-------++-------
Melee: Short sword       |    80 |   174 |   177 ||   431
Invok: Berserk           |     1 |     3 |     4 ||     8
 Abil: Breathe Fire      |       |       |     2 ||     2
 Stab: Sleeping          |     1 |     2 |     3 ||     6
       Distracted        |       |       |     1 ||     1
  Eat: Chunk             |     1 |     7 |     7 ||    15
       Beef jerky        |       |       |     1 ||     1
